 Dungeon Crawl Stone Soup version 0.17-a0-896-g249456b (webtiles) character file.

14 xeno23 the Ogre Mage (level 2, 0/28 HPs)
             Began as an Ogre Wizard on May 2, 2015.
             Slain by a kobold
             ... wielding a +0 dagger
              (2 damage)
             ... on level 2 of the Dungeon.
             The game lasted 00:02:39 (954 turns).

xeno23 the Ogre Mage (Ogre Wizard)                   Turns: 954, Time: 00:02:40

Health: 0/28       AC:  3    Str: 11    XL:     2   Next: 41%
Magic:  3/6        EV:  9    Int: 17    God:
Gold:   18         SH:  0    Dex:  8    Spells: 4 memorised, 1 level left

rFire  . . .     SeeInvis .     e - +0 whip
rCold  . . .     Clarity  .     a - +0 robe
rNeg   . . .     SustAb   .     (no shield)
rPois  .         Gourm    .     b - +0 hat
rElec  .         Spirit   .     (no cloak)
rCorr  .         Warding  .     (gloves unavailable)
rMut   .         Stasis   +     (boots unavailable)
MR     .....                    k - amulet of stasis
Stlth  +.........               (no ring)
                                (no ring)

@: very slightly contaminated, repel missiles, not resistant to hostile
enchantments, very unstealthy
A: unfitting armour, tough skin 1
a: no special abilities


You were on level 2 of the Dungeon.
You were not hungry.

You visited 1 branch of the dungeon, and saw 2 of its levels.

You collected 18 gold pieces.

Inventory:

Hand weapons
 e - a +0 whip (weapon)
 l - a cursed -3 spear
Missiles
 n - 3 javelins (quivered)
Armour
 a - a +0 robe (worn)
 b - a +0 hat (worn)
Jewellery
 k - an amulet of stasis (around neck)
Potions
 g - a potion of ambrosia {unknown}
 h - a potion of resistance {unknown}
 m - 2 potions of curing
Books
 c - a book of Minor Magic

   Spells                             Type                      Level
   a - Magic Dart                     Conjuration                  1
   b - Blink                          Translocation                2
   c - Call Imp                       Summoning                    2
   d - Repel Missiles                 Charms/Air                   2
   e - Slow                           Hexes                        2
   f - Conjure Flame                  Conjuration/Fire             3
   g - Mephitic Cloud                 Conjuration/Poison/Air       3
Comestibles
 d - 2 bread rations
 i - 4 chunks of flesh


   Skills:
 + Level 2.0 Fighting
 * Level 0.2 Throwing
 - Level 1.7 Dodging
 - Level 1.5 Stealth
 - Level 3.6 Spellcasting
 + Level 1.1 Conjurations
 - Level 0.6 Summonings
 - Level 0.6 Translocations


You had one spell level left.
You knew the following spells:

 Your Spells              Type           Power        Failure   Level  Hunger
a - Magic Dart            Conj           #...         12%         1    None
b - Blink                 Tloc           N/A          21%         2    ##.....
c - Call Imp              Summ           #.......     21%         2    ##.....
r - Repel Missiles        Chrm/Air       #.....       30%         2    ##.....


Dungeon Overview and Level Annotations

Branches:
Dungeon (2/15)

Altars:


Innate Abilities, Weirdness & Mutations

You are too large for most types of armour.
You have tough skin (AC +1).


Message History

The kobold shouts!
Casting: Magic Dart
Confirm with . or Enter, or press ? or * to list all spells.
Aiming: Magic Dart
Press: ? - help, Shift-Dir - straight line, f - kobold, p - giant newt
Aim: a kobold, wielding a dagger (heavily wounded)
The magic dart hits the kobold.
The kobold is heavily wounded.
The kobold hits you with a dagger.
* * * LOW HITPOINT WARNING * * *
The giant newt closely misses you.
You take 1 damage.
Casting: Magic Dart
Confirm with . or Enter, or press ? or * to list all spells.
Aiming: Magic Dart
Press: ? - help, Shift-Dir - straight line, f/p - kobold
Aim: a kobold, wielding a dagger (heavily wounded)
You miscast Magic Dart.
Your hair stands on end.
The kobold hits you with a dagger.
You die...

## ##
#####.#####.#
.............#
##$...<#
#....#.#
##..#...#
#!..lK###.####
#.....#@........
#####.....#.####
#.#...# #.#...#
# #.#.. #.####
#K# #.# #..


You could see 2 kobolds and a giant newt.

Vanquished Creatures
  2 giant geckos (D:1)
  4 goblins (D:1)
  A hobgoblin (D:1)
  A bat (D:1)
  2 giant newts (D:1)
  2 rats (D:1)
12 creatures vanquished.

Notes
Turn   | Place    | Note
--------------------------------------------------------------
     0 | D:1      | xeno23, the Ogre Wizard, began the quest for the Orb.
     0 | D:1      | Reached XP level 1. HP: 16/16 MP: 5/5
    70 | D:1      | Reached skill level 1 in Fighting
   436 | D:1      | Reached XP level 2. HP: 21/28 MP: 6/6
   554 | D:1      | Learned a level 2 spell: Blink
   557 | D:1      | Learned a level 2 spell: Call Imp
   560 | D:1      | Learned a level 2 spell: Repel Missiles
   570 | D:1      | Reached skill level 1 in Conjurations
   954 | D:2      | Slain by a kobold

Action                   || total
-------------------------++-------
Melee: Short sword       ||    46
       Whip              ||    14
 Cast: Magic Dart        ||     6
       Repel Missiles    ||     1
  Use: Scroll            ||     2
